 Dungeon Crawl Stone Soup version 0.30-a0-728-gc68057be0a (console) character file.

Game seed: 16993246421517678487

9452 rlgrobin the Reanimator (level 11, 58/58 HPs)
             Began as a Deep Elf Chaos Knight on Nov 29, 2022.
             Was a Plaything of Xom.
             Quit the game on level 1 of the Lair of Beasts on Jan 31, 2023.
             The game lasted 00:31:13 (10878 turns).

rlgrobin the Reanimator (Deep Elf Chaos Knight)    Turns: 10878, Time: 00:31:14

Health: 58/58      AC:  7    Str:  9    XL:     11   Next: 23%
Magic:  27/27      EV: 20    Int: 20    God:    Xom [...*..]
Gold:   1508       SH:  0    Dex: 20    Spells: 19/31 levels left

rFire   + . .      SeeInvis .    F - +10 quarterstaff {protect, Dex+4}
rCold   + . .      Faith    .    (shield currently unavailable)
rNeg    . . .      Spirit   .    b - +3 leather armour
rPois   .          Reflect  .    H - +2 helmet
rElec   .          Harm     .    (no cloak)
rCorr   .          Rampage  .    (no gloves)
Will    +....                    (no boots)
Stlth   +++                      e - amulet of the acrobat
HPRegen 0.29/turn                p - +4 ring of evasion
MPRegen 0.20/turn                u - ring of protection from cold

@: no status effects
A: claws 1, deformed body, fire resistance 1, inability to drink after injury 1
a: Renounce Religion


You were on level 1 of the Lair of Beasts.
You worshipped Xom.
You were a favourite toy of Xom.
You visited 2 branches of the dungeon, and saw 11 of its levels.
You also visited: Sewer and Ossuary.

You collected 1550 gold pieces.
You spent 42 gold pieces at shops.

Inventory:

Hand Weapons
 a - a +0 short sword of chaos
 h - a +2 whip of pain
 i - a +0 spear of venom
 q - a +2 dagger of distortion
 F - the +10 quarterstaff "Voeneam" (weapon) {protect, Dex+4}
   (You found it on level 4 of the Dungeon)

   Dex:       It affects your dexterity (+4).
Missiles
 g - 2 atropa-tipped darts (quivered)
 D - 4 curare-tipped darts
 E - 27 poisoned darts
Armour
 b - a +3 leather armour (worn)
 H - a +2 helmet (worn)
Jewellery
 e - an amulet of the acrobat (around neck)
 p - a +4 ring of evasion (left claw)
 u - a ring of protection from cold (right claw)
Wands
 w - a wand of paralysis (5)
 K - a wand of iceblast (14)
Scrolls
 d - 2 scrolls of amnesia
 j - 2 scrolls of silence
 l - 3 scrolls of vulnerability
 m - a scroll of identify
 n - 3 scrolls of poison
 s - 9 scrolls of teleportation
 t - 6 scrolls of immolation
 x - 2 scrolls of summoning
 y - a scroll of fear
 G - 2 scrolls of butterflies
 J - a scroll of enchant weapon
Potions
 f - 2 potions of magic
 k - 3 potions of haste
 o - a potion of invisibility
 r - 3 potions of flight
 v - 6 potions of lignification
 z - 5 potions of heal wounds
 A - 2 potions of cancellation
 B - 2 potions of berserk rage
 C - 2 potions of might
 I - 2 potions of resistance
 L - 2 potions of curing
 M - 2 potions of attraction {unknown}
Miscellaneous
 c - a piece from Xom's chessboard (15/15)


   Skills:
 - Level 2.4 Fighting
 - Level 4.8 Short Blades
 - Level 5.2 Staves
 - Level 0.7 Armour
 - Level 7.4 Dodging
 - Level 4.4 Stealth
 + Level 10.6 Spellcasting
 - Level 9.3 Hexes
 - Level 12.0 Necromancy
 + Level 1.0 Earth Magic


You had 19 spell levels left.
You knew the following spells:

 Your Spells              Type           Power      Damage    Failure   Level
a - Vampiric Draining     Necr           55%        2d9       1%          3
b - Slow                  Hex            100%       N/A       1%          1
c - Confusing Touch       Hex            47%        N/A       1%          3
d - Borgnjor's Vile Clut  Necr/Erth      18%        N/A       17%         5

Your spell library contained the following spells:

 Spells                   Type           Power      Damage    Failure   Level
 Ensorcelled Hibernation  Hex/Ice        58%        N/A       1%          2
 Beastly Appendage        Tmut           20%        N/A       9%          1
 Passwall                 Tmut/Erth      10%        N/A       11%         2
 Wereblood                Tmut           10%        N/A       14%         2
 Spider Form              Tmut/Pois      10%        N/A       26%         3
 Swiftness                Air            10%        N/A       26%         3
 Vhi's Electric Charge    Tloc/Air       20%        N/A       26%         3
 Alistair's Intoxication  Tmut/Pois      6%         N/A       94%         5
 Arcjolt                  Conj/Air       5%         1d15      94%         5
 Eringya's Noxious Bog    Tmut/Pois      5%         N/A       100%        6
 Malign Gateway           Summ/Tloc      5%         N/A       100%        7
 Maxwell's Capacitive Co  Air            5%         ∞         100%        8
 Summon Horrible Things   Summ           5%         N/A       100%        8


Dungeon Overview and Level Annotations

Branches:
Dungeon (10/15)            Temple (0/1) D:7            Lair (1/5) D:8
    Orc (0/2) D:9           Sewer (visited)         Ossuary (visited)

Altars:
Ashenzari
Dithmenos
Elyvilon
Gozag
Hepliaklqana
Kikubaaqudgha
Nemelex Xobeh
Okawaru
Ru
Yredelemnul

Shops:
D:2 (   D:5 *   D:8 [

Annotations:
D:3 1 runed translucent door, Crazy Yiuf, Sigmund
D:8 Amaemon


Innate Abilities, Weirdness & Mutations

You have sharp fingernails.
Armour fits poorly on your strangely shaped body.
Your flesh is heat resistant. (rF+)
You occasionally lose the ability to drink potions when taking damage.


Message History

You kill the yak!
Your Earth Magic skill increases to level 1!
You swap places.
You see here a yak corpse.
You start resting.
Magic restored.
You start resting.
Your iron imp disappears in a puff of smoke!
Your shadow imp degenerates into a cloud of primal chaos!
Your iron imp disappears in a puff of smoke!
Your iron imp degenerates into a cloud of primal chaos!
Your white imp disappears in a puff of smoke!
Your iron imp disappears in a puff of smoke!
HP restored.
There is an open door, spattered with blood here.
Done exploring.
Done exploring.
(D) Dungeon (T) Temple (L) Lair (O) Orcish Mines
Where to? (Enter - D:9 @ (x,y), ? - help)
What level of the Lair of Beasts? (default 1, ? - help)
There is an open door here.
There is an open door here.
You see here a yak skeleton.
There is a stone staircase leading up here.
You climb upwards.
There is a stone staircase leading down here.
There is a stone staircase leading up here.
You climb upwards.
Level annotation: Amaemon
There is a stone staircase leading down here.
There is an open door here.
There is a staircase to the Lair here.
You climb downwards.
Welcome to the Lair of Beasts!
There is a staircase back to the Dungeon here.
Save game and exit?
Welcome back, rlgrobin the Deep Elf Chaos Knight.
Xom snickers.
Press ? for a list of commands and other information.
Okay, then.
Unknown command.
Are you sure you want to abandon this character and quit the game? (Confirm with "yes".)

.....# . .....
.. .... ... ...
.... .. .#
.....###.+#.+..
...............
.......@.......
...............
...............
...............
..#..P##.#.....
. #... .......
#... .. ....
#... .......


There were no monsters in sight!

Vanquished Creatures
  A two-headed ogre (D:10)
  Pikel (D:5)
  An orange demon (D:8)
  Joseph (D:7)
  Prince Ribbit (D:9)
  A hornet (D:9)
  3 wyverns (D:8)
  22 yaks
  A steam dragon (D:8)
  2 water moccasins (D:8)
  4 sky beasts
  3 centaurs
  2 kobold brigands
  2 phantoms (D:6)
  Blork the orc (D:5)
  6 bullfrogs
  A scorpion (D:8)
  A necrophage (D:7)
  12 killer bees
  A howler monkey (D:6)
  A human zombie (Ossuary)
  3 jellies
  3 orc priests
  3 hounds
  A gnoll bouda (D:7)
  Ijyb (D:3)
  4 iguanas
  11 orc wizards
  A hell rat (Sewer)
  5 mummies
  Robin (D:3)
  8 gnolls
  10 adders
  2 river rats (D:6)
  A shadow imp (D:7)
  2 white imps (D:6)
  2 worms (D:2)
  3 dart slugs
  23 orcs
  6 endoplasms
  6 giant cockroaches
  14 goblins
  7 hobgoblins
  2 jackals (D:2)
  14 kobolds
  2 quokkas
  5 ball pythons
  7 bats
  4 frilled lizards
  2 gnoll zombies (Ossuary)
  3 goblin zombies
  A hobgoblin zombie (Ossuary)
  A kobold zombie (D:4)
  2 orc zombies (Ossuary)
  14 rats
242 creatures vanquished.

Vanquished Creatures (collateral kills)
  An acid dragon (D:10)
  A scorpion (D:6)
  An adder (D:6)
  An endoplasm (D:3)
4 creatures vanquished.

Vanquished Creatures (others)
  3 yaks (D:8)
  An orc wizard (D:8)
  15 fungi (D:8)
  19 plants (D:8)
  5 toadstools (D:8)
43 creatures vanquished.

Grand Total: 289 creatures vanquished

Notes
Turn   | Place    | Note
-------+----------+-------------------------------------------
     0 | D:1      | rlgrobin the Deep Elf Chaos Knight began the quest for the
                  | Orb.
     0 | D:1      | Reached XP level 1. HP: 13/13 MP: 3/3
    71 | D:1      | XOM: potion effect (brilliance)
   171 | D:1      | Reached skill level 1 in Stealth
   544 | D:1      | Reached XP level 2. HP: 18/18 MP: 4/4
   714 | D:1      | Found a faded altar of an unknown god.
  1254 | D:2      | XOM: cloud trail
  1262 | D:2      | XOM: polymorph rat -> orc
  1263 | D:2      | XOM: cast spell 'Olgreb's Toxic Radiance'
  1294 | D:2      | Reached XP level 3. HP: 19/22 MP: 5/5
  1342 | D:2      | Found Visonn's Antique Weapon Boutique.
  1349 | D:2      | an adder changed into a killer bee
  1349 | D:2      | Noticed a killer bee
  1354 | D:2      | XOM: potion effect (curing)
  1357 | D:2      | Killed a killer bee
  1358 | D:2      | Reached XP level 4. HP: 13/27 MP: 6/6
  1632 | D:2      | Noticed Sigmund
  2033 | D:3      | Noticed Robin
  2073 | D:2      | XOM: enchant monster (good)
  2173 | D:3      | Killed Robin
  2340 | D:3      | Reached XP level 5. HP: 31/31 MP: 7/7
  2369 | D:3      | XOM: 2-stop teleportation journey
  2374 | D:3      | XOM: give mutation
  2374 | D:3      | Gained mutation: You have sharp fingernails. [Xom's grace]
  2409 | D:3      | XOM: god gift: 5 stones
  2436 | D:3      | Found a shadowy altar of Dithmenos.
  2450 | D:3      | Found a white marble altar of Elyvilon.
  2651 | D:3      | XOM: cloud trail
  2708 | D:3      | Learned a level 3 spell: Vampiric Draining
  2883 | D:3      | Noticed Ijyb
  2907 | D:3      | Killed Ijyb
  2908 | D:3      | Reached skill level 1 in Spellcasting
  2908 | D:3      | Reached skill level 1 in Necromancy
  2960 | D:3      | Found a runed translucent door.
  2961 | D:3      | Noticed Crazy Yiuf
  3165 | D:4      | Found a sand-covered staircase.
  3170 | Ossuary  | Entered an ossuary
  3208 | Ossuary  | XOM: confusion (+ monsters)
  3345 | Ossuary  | XOM: 4-stop teleportation journey
  3461 | Ossuary  | Reached skill level 2 in Necromancy
  3461 | Ossuary  | Reached XP level 6. HP: 28/36 MP: 11/11
  3475 | Ossuary  | XOM: cleaving
  3761 | D:4      | XOM: enchant monster (good)
  3766 | D:4      | XOM: chaos upgrade
  3773 | D:4      | XOM: noise
  3789 | D:4      | Reached skill level 3 in Necromancy
  3916 | D:4      | XOM: 9-stop teleportation journey
  3922 | D:4      | XOM: confusion (+ monsters)
  3956 | D:4      | Identified the +4 hand axe "Dibog" {vorpal, *Corrode Str-2
                  | Int+8 SInv}
  4020 | D:4      | Identified the +10 quarterstaff "Voeneam" {protect, Dex+4}
  4321 | D:4      | XOM: draining
  4429 | D:4      | XOM: give mutations
  4429 | D:4      | Gained mutation: Your flesh is heat resistant. (rF+) [Xom's
                  | grace]
  4429 | D:4      | Gained mutation: You are agile. (Dex +4, Str/Int -1) [Xom's
                  | grace]
  4429 | D:4      | Gained mutation: You are partially covered in iridescent
                  | scales. (AC +2) [Xom's grace]
  4492 | D:5      | Entered Level 5 of the Dungeon
  4511 | D:5      | XOM: noise
  4555 | D:5      | Reached skill level 4 in Necromancy
  4582 | D:5      | Reached XP level 7. HP: 36/37 MP: 15/15
  4635 | D:5      | Noticed Blork the orc
  4642 | D:5      | Killed Blork the orc
  4643 | D:5      | Reached skill level 5 in Spellcasting
  4766 | D:5      | Found a faded altar of an unknown god.
  4766 | D:5      | Found a sparkling altar of Nemelex Xobeh.
  4839 | D:5      | Noticed Pikel
  4857 | D:5      | XOM: confusion
  4862 | D:5      | XOM: cleaving
  4872 | D:5      | Killed Pikel
  4873 | D:5      | Reached skill level 6 in Necromancy
  4873 | D:5      | Reached XP level 8. HP: 36/45 MP: 16/20
  4879 | D:5      | Learned a level 1 spell: Slow
  4995 | D:5      | Found a basalt altar of Yredelemnul.
  4997 | D:5      | Found an opulent altar of Gozag.
  4999 | D:5      | Found a faded altar of an unknown god.
  5038 | D:5      | XOM: give mutations
  5038 | D:5      | Lost mutation: You are agile. (Dex +4, Str/Int -1) [Xom's
                  | mischief]
  5038 | D:5      | Lost mutation: You are partially covered in iridescent
                  | scales. (AC +2) [Xom's mischief]
  5038 | D:5      | Gained mutation: Armour fits poorly on your strangely
                  | shaped body. [Xom's mischief]
  5039 | D:5      | Found Otaoc's General Store.
  5048 | D:5      | Bought a scroll of teleportation for 42 gold pieces
  5191 | D:6      | XOM: 3-stop teleportation journey
  5223 | D:6      | XOM: scenery: summon butterflies
  5276 | D:6      | XOM: divination: detect creatures
  5288 | D:6      | XOM: cast spell 'Chain of Chaos'
  5371 | D:6      | XOM: summons friendly quasit
  5378 | D:6      | Reached skill level 5 in Dodging
  5436 | D:6      | Found a glowing drain.
  5450 | Sewer    | Entered a sewer
  5770 | D:6      | XOM: potion effect (invisibility)
  5789 | D:6      | Reached skill level 7 in Necromancy
  5846 | D:6      | Learned a level 3 spell: Confusing Touch
  5867 | D:6      | Found a hazy altar of Hepliaklqana.
  5951 | D:7      | XOM: silly message
  5985 | D:7      | Reached skill level 5 in Hexes
  6038 | D:7      | XOM: noise
  6059 | D:7      | Reached XP level 9. HP: 49/49 MP: 21/21
  6061 | D:7      | Noticed Joseph
  6087 | D:7      | Killed Joseph
  6159 | D:7      | XOM: 1-stop teleportation journey
  6164 | D:7      | XOM: chaos upgrade
  6182 | D:8      | XOM: swap monsters
  6189 | D:8      | XOM: silly message
  6193 | D:8      | XOM: destruction
  6276 | D:8      | Identified a scroll of acquirement
  6276 | D:8      | Acquired 935 gold pieces
  6290 | D:8      | XOM: give mutations
  6290 | D:8      | Gained mutation: You occasionally lose the ability to drink
                  | potions when taking damage. [Xom's mischief]
  6290 | D:8      | Lost mutation: You occasionally lose the ability to drink
                  | potions when taking damage. [Xom's mischief]
  6290 | D:8      | Gained mutation: You occasionally lose the ability to drink
                  | potions when taking damage. [Xom's mischief]
  6319 | D:8      | Found a staircase to the Lair.
  6350 | D:8      | XOM: silly message
  6411 | D:8      | Noticed Amaemon
  6418 | D:8      | XOM: torment (26/49 hp)
  6418 | D:8      | Noticed an orange demon
  6438 | D:8      | Reached skill level 5 in Staves
  6663 | D:8      | Found Sutay's Antique Armour Shoppe.
  6721 | D:8      | XOM: confusion
  6725 | D:8      | XOM: 6-stop teleportation journey
  6819 | D:8      | XOM: god gift: 31 gold pieces
  6865 | D:8      | Reached XP level 10. HP: 49/54 MP: 20/22
  6912 | D:8      | XOM: noise
  6923 | D:8      | XOM: cast spell 'Cause Fear'
  6925 | D:8      | XOM: noise
  6934 | D:8      | Found a sacrificial altar of Ru.
  6972 | D:7      | Found a staircase to the Ecumenical Temple.
  7044 | D:7      | Reached skill level 8 in Necromancy
  7051 | D:7      | XOM: god gift: book of Changes
  7070 | D:7      | XOM: silly message
  7149 | D:7      | XOM: noise
  7186 | D:7      | XOM: 3-stop teleportation journey
  7285 | D:7      | XOM: 4-stop teleportation journey
  7295 | D:7      | Found an ancient bone altar of Kikubaaqudgha.
  7623 | D:7      | XOM: scenery: summon butterflies
  7881 | D:8      | XOM: confuse monster(s)
  7889 | D:8      | Reached skill level 9 in Necromancy
  8087 | D:8      | XOM: god gift: 35 gold pieces
  8105 | D:8      | XOM: summons 5 friendly demons
  8198 | D:8      | XOM: enchant monster (good)
  8218 | D:8      | Reached skill level 10 in Necromancy
  8397 | D:8      | XOM: cast spell 'Metabolic Englaciation'
  8399 | D:8      | XOM: torment (20/54 hp)
  8415 | D:8      | Killed an orange demon
  8983 | D:9      | XOM: 5-stop teleportation journey
  9003 | D:9      | Found an iron altar of Okawaru.
  9095 | D:9      | Noticed Prince Ribbit
  9106 | D:9      | Killed Prince Ribbit
  9194 | D:9      | Reached skill level 11 in Necromancy
  9539 | D:9      | Found a staircase to the Orcish Mines.
  9657 | D:10     | Entered Level 10 of the Dungeon
  9841 | D:10     | Noticed a two-headed ogre
  9886 | D:10     | XOM: butterfly on damage
  9895 | D:10     | Killed a two-headed ogre
  9896 | D:10     | Reached XP level 11. HP: 47/58 MP: 9/26
 10098 | D:10     | XOM: smoke on damage
 10286 | D:10     | Found a broken altar of Ashenzari.
 10355 | D:10     | XOM: silly message
 10357 | D:10     | XOM: blink monster(s)
 10388 | D:10     | Reached skill level 10 in Spellcasting
 10480 | D:10     | XOM: silly message
 10503 | D:10     | Reached skill level 12 in Necromancy
 10514 | D:10     | Learned a level 5 spell: Borgnjor's Vile Clutch
 10644 | D:10     | XOM: cloud trail
 10731 | D:10     | XOM: summons 8 friendly demons
 10741 | D:10     | Reached skill level 1 in Earth Magic
 10877 | Lair:1   | Entered Level 1 of the Lair of Beasts
 10878 | Lair:1   | Upgraded the game from 0.30-a0-377-g5cb311bc9f to
                  | 0.30-a0-728-gc68057be0a
 10878 | Lair:1   | Quit the game

Illustrated notes

Levels and vault maps discovered:
D:1:      tarquinn_simple_flora_water_b, layout_loops_corners,
          ebering_ecumenical_altar_hall
D:2:      layout_basic, serial_shops, shop, chequers_serial_rivers_micro_c,
          minmay_hexomino_p4, uniq_sigmund
D:3:      layout_basic, mainiacjoe_overflow_paths,
          mainiacjoe_overflow_cross_hatched, minmay_fractal_squares_diagonal_5,
          uniq_robin, uniq_ijyb, uniq_crazy_yiuf_cottage
D:4:      layout_loops_ring, nicolae_ossuary_entry_giza
D:5:      layout_rooms, chequers_temple_overflow_minitemple, serial_shops, shop,
          hangedman_glass_teeth, nicolae_kite_square_tiling_tiny,
          hangedman_abyss_or_decor_stabs, uniq_blork_the_orc, uniq_pikel
D:6:      layout_rooms, worldfamousw_hep_ancestral_shrine, portal_sewer_entry_e
D:7:      layout_basic, lemuel_doored_altar, minmay_temple_entry_slanted,
          st_stairs_11, grunt_decor_arrowhead, uniq_joseph
D:8:      layout_loops_ring, nicolae_ru_great_annihilating_truth,
          minmay_lair_entry_grove, serial_shops, nicolae_take_the_stairs,
          grunt_ministairs_6, minmay_gold_behind_fungi, uniq_amaemon
D:9:      layout_stronghold, kennysheep_mini, orc_0_dummy, minivault_19,
          uniq_prince_ribbit1
D:10:     layout_roguey, evilmike_ruin_ashenzari, nrook_loot_triangle,
          kennysheep_generic_room_14
Lair:1:   layout_regular_city, ebering_ghost_inner_flame, disabler_island,
          grunt_megastairs_3, uniq_harold, uniq_gastronok, uniq_nergalle

Skill      XL: |  1  2  3  4  5  6  7  8  9 10 11 |
---------------+----------------------------------+-----
Stealth        | 2 3 4 |  4.4
Short Blades   | 4 |  4.8
Spellcasting   | 2 4 7 9 10 | 10.6
Necromancy     | 2 4 6 7 11 12 | 12.0
Hexes          | 6 9 |  9.3
Dodging        | 6 7 |  7.4
Staves         | 5 |  5.2
Earth Magic    | 1 |  1.0
Fighting       | |  2.4
Armour         | |  0.7

Action                     |  1- 3 |  4- 6 |  7- 9 | 10-12 || total
---------------------------+-------+-------+-------+-------++-------
  Melee: Short sword       |    69 |   289 |       |       ||   358
         Punch             |     1 |     1 |       |       ||     2
         Quarterstaff      |       |    21 |   236 |   318 ||   575
  Throw: Dart              |       |     4 |       |     2 ||     6
   Cast: Slow              |       |       |     2 |     5 ||     7
         Confusing Touch   |       |       |     9 |    28 ||    37
         Vampiric Draining |       |       |     1 |     8 ||     9
  Evoke: Piece from Xom's  |     2 |     2 |       |       ||     4
    Use: Scroll            |       |     7 |    14 |     2 ||    23
         Potion            |       |       |     1 |     1 ||     2
   Stab: Sleeping          |     4 |    17 |     4 |       ||    25
         Invisible         |       |     1 |       |       ||     1
         Confused          |       |     1 |     7 |    25 ||    33
         Paralysed         |       |     1 |       |     1 ||     2
         Petrified         |       |       |       |     4 ||     4
 Armour: Leather armour    |    22 |    46 |    69 |   100 ||   237
  Dodge: Dodged            |    47 |   158 |   241 |   385 ||   831

Table legend: (Time is in decaauts)
 A = Elapsed time spent in this place.
 B = Non-inter-level travel time spent in this place.
 C = Inter-level travel time spent in this place.
 D = Time resting spent in this place.
 E = Time spent auto-exploring this place.
 F = Levels seen in this place.
 G = Mean time per level.
                   A        B        C        D        E       F      G
               +--------+--------+--------+--------+--------+-----+--------+
         Total |  10900 |  10442 |    458 |   2022 |   5503 |  13 |  838.5 |
       Dungeon |  10345 |   9887 |    458 |   1842 |   5450 |  10 | 1034.5 |
          Lair |      0 |      0 |      0 |      0 |      0 |   1 |    0.0 |
         Sewer |    167 |    167 |      0 |     58 |     39 |   1 |  167.0 |
       Ossuary |    385 |    385 |      0 |    122 |     14 |   1 |  385.0 |
               +--------+--------+--------+--------+--------+-----+--------+

Top non-repeatable levels by time:
     D:8: 1754 daAuts
    D:10: 1188 daAuts
     D:1: 1102 daAuts
     D:9: 1072 daAuts
     D:3: 1022 daAuts
     D:2: 981 daAuts
     D:7: 957 daAuts
     D:4: 935 daAuts
     D:6: 674 daAuts
     D:5: 657 daAuts
 Ossuary: 385 daAuts
   Sewer: 167 daAuts
  Lair:1: 0 daAuts
